[Event "January 2 Late 2024"]
[Site "https://www.chess.com"]
[Date "2024.01.02"]
[Round "7"]
[White "Obon Temprano, Sergi"]
[Black "th3d4rkness"]
[Result "1-0"]
[Board "161"]
[TimeControl "180+1"]
[WhiteFideId "2226545"]
[WhiteElo "2357"]
[BlackElo "2163"]
[WhiteTeam "ESP"]
[WhiteClock "0:01:31"]
[BlackClock "0:01:06"]

1. Nf3 Nf6 2. c4 g6 3. Nc3 Bg7 4. g3 d6 5. Bg2 O-O 6. O-O Nc6 7. d3 e5 8. Rb1 Nh5 9. b4 f5 10. Bg5 Nf6 11. Nd5 Be6 12. Nh4 Bxd5 13. Bxd5+ Kh8 14. b5 Ne7 15. Bxb7 Rb8 16. Bg2 h6 17. Be3 g5 18. Nf3 c5 19. bxc6 Nxc6 20. Qa4 Qc7 21. Nxg5 hxg5 22. Qxc6 Qxc6 23. Bxc6 f4 24. Bxa7 Rbc8 25. Bb7 Rc7 26. Rb3 Nd7 27. f3 Nc5 28. Bxc5 dxc5 29. a4 Ra8 30. Bxa8 1-0

[Event "January 2 Late 2024"]
[Site "https://www.chess.com"]
[Date "2024.01.02"]
[Round "7"]
[White "Kleibel, Uwe"]
[Black "Ivanov, Aleksandr"]
[Result "1-0"]
[Board "162"]
[TimeControl "180+1"]
[WhiteFideId "1270982"]
[BlackFideId "2092980"]
[WhiteElo "2340"]
[BlackElo "2162"]
[WhiteTeam "GER"]
[BlackTeam "USA"]
[WhiteClock "0:01:40"]
[BlackClock "0:00:36"]

1. e4 e6 2. d4 d5 3. e5 c5 4. c3 Nc6 5. Nf3 Qb6 6. Be2 cxd4 7. cxd4 Nh6 8. Bd3 Nf5 9. Bxf5 exf5 10. Nc3 Be6 11. O-O Be7 12. h4 h6 13. h5 O-O 14. Na4 Qc7 15. Bf4 Rfd8 16. Rc1 Rac8 17. a3 a5 18. Qd2 b5 19. Nc5 Qb6 20. Nxe6 fxe6 21. Bxh6 Nxd4 22. Nxd4 gxh6 23. Qxh6 Qxd4 24. Qxe6+ Kf8 25. Qxf5+ Ke8 26. Rxc8 Rxc8 27. Qxc8+ Kf7 28. Qf5+ Ke8 29. h6 Qh4 30. h7 Bg5 31. Qxg5 Qxg5 32. h8=Q+ 1-0

[Event "January 2 Late 2024"]
[Site "https://www.chess.com"]
[Date "2024.01.02"]
[Round "7"]
[White "Prokhorov, Oleksandr"]
[Black "Clarke, Matthew"]
[Result "0-1"]
[Board "163"]
[TimeControl "180+1"]
[WhiteFideId "14105578"]
[BlackFideId "3227804"]
[WhiteElo "2338"]
[BlackElo "2143"]
[WhiteTeam "UKR"]
[BlackTeam "AUS"]
[WhiteClock "0:00:03"]
[BlackClock "0:00:04"]

1. e4 e5 2. Nf3 Nc6 3. c3 d5 4. Qa4 Qd6 5. exd5 Qxd5 6. Bc4 Qe4+ 7. Kf1 Be6 8. d3 Bxc4 9. dxc4 O-O-O 10. Be3 Qd3+ 11. Ke1 e4 12. Ng5 Nh6 13. Nd2 Bc5 14. Bxc5 Qxd2+ 15. Kf1 Qxg5 16. Be3 Qh5 17. Qc2 Rd3 18. b4 Rhd8 19. Re1 Nf5 20. b5 Nxe3+ 21. fxe3 Rd2 22. Qxe4 Ne5 23. h3 Nd3 24. Rb1 Nf2 25. Qf4 Nxh1 26. b6 Rd1+ 27. Rxd1 Qxd1# 0-1

[Event "January 2 Late 2024"]
[Site "https://www.chess.com"]
[Date "2024.01.02"]
[Round "7"]
[White "Reprintsev, Alexander"]
[Black "Jahnz, Fabian"]
[Result "1-0"]
[Board "164"]
[TimeControl "180+1"]
[WhiteFideId "14100541"]
[BlackFideId "4653300"]
[WhiteElo "2472"]
[BlackElo "2333"]
[WhiteTeam "UKR"]
[BlackTeam "GER"]
[WhiteClock "0:00:44"]
[BlackClock "0:01:01"]

1. e4 c6 2. Nc3 d5 3. Nf3 dxe4 4. Nxe4 Nf6 5. Qe2 Nxe4 6. Qxe4 Qd5 7. Qf4 Qf5 8. Qe3 Qe6 9. Be2 Qxe3 10. fxe3 f6 11. d4 Nd7 12. Bd2 e5 13. O-O-O exd4 14. exd4 Bd6 15. Bc4 Nb6 16. Rhe1+ Kd8 17. Bb3 Bg4 18. h3 Bxf3 19. gxf3 Kc7 20. c4 c5 21. dxc5 Bxc5 22. Bf4+ Kc8 23. Bc2 g6 24. Bd6 Bxd6 25. Rxd6 Rd8 26. Rxf6 Nxc4 27. Re7 a6 28. Rxh7 Nd6 29. Rxg6 Kb8 30. Rhh6 Nf7 31. Rh5 Ka7 32. Rc5 Rh8 33. Rc7 Nd8 34. Bf5 Rb8 35. Rgg7 Rf8 36. Bg4 Nc6 37. Rxc6 1-0

[Event "January 2 Late 2024"]
[Site "https://www.chess.com"]
[Date "2024.01.02"]
[Round "7"]
[White "Romero Ruscalleda, Josep"]
[Black "Desideri, Ricardo Maruchi"]
[Result "1-0"]
[Board "165"]
[TimeControl "180+1"]
[WhiteFideId "2231859"]
[BlackFideId "2110440"]
[WhiteElo "2314"]
[BlackElo "1997"]
[WhiteTeam "ESP"]
[BlackTeam "BRA"]
[WhiteClock "0:00:27"]
[BlackClock "0:00:00"]

1. e4 c5 2. c3 e6 3. d4 cxd4 4. cxd4 a6 5. Nc3 Nf6 6. Nf3 b5 7. e5 Ng8 8. Bd3 Bb7 9. O-O Ne7 10. Bg5 h6 11. Bh4 g5 12. Bg3 Nd5 13. Ne4 Be7 14. a3 Nc6 15. h3 Rg8 16. Qd2 Na5 17. Rad1 Nc4 18. Qe2 Rc8 19. Rc1 Nf4 20. Bxf4 gxf4 21. Kh2 Nb6 22. Nd6+ Bxd6 23. exd6 Nd5 24. Be4 Qf6 25. Ne5 Qg7 26. Rxc8+ Bxc8 27. Bxd5 f6 28. Nd3 Kf8 29. Re1 f3 30. Bxf3 1-0

[Event "January 2 Late 2024"]
[Site "https://www.chess.com"]
[Date "2024.01.02"]
[Round "7"]
[White "Montano Vicente, Guadalupe"]
[Black "Bazzano, Sebastian"]
[Result "1-0"]
[Board "166"]
[TimeControl "180+1"]
[WhiteFideId "5181399"]
[BlackFideId "104566"]
[WhiteElo "2157"]
[BlackElo "2294"]
[WhiteTeam "MEX"]
[BlackTeam "ARG"]
[WhiteClock "0:00:10"]
[BlackClock "0:00:00"]

1. d4 Nf6 2. c4 c5 3. d5 e6 4. Nc3 exd5 5. cxd5 d6 6. e4 g6 7. Bg5 Bg7 8. f4 Nbd7 9. Nf3 O-O 10. Bb5 Qa5 11. O-O Nxe4 12. Nxe4 Qxb5 13. Nxd6 Qb6 14. Nc4 Qa6 15. Qc2 Nb6 16. Nxb6 Qxb6 17. Be7 c4+ 18. Kh1 Re8 19. d6 Bf5 20. Qxc4 Rac8 21. Qd5 Bxb2 22. Ng5 Rf8 23. Bxf8 Rxf8 24. Rad1 h6 25. d7 Bf6 26. Ne4 Bxe4 27. Qxe4 Rd8 28. Qe8+ Kg7 29. Rfe1 h5 30. Qe3 Qc6 31. Qd3 a6 32. h3 h4 33. f5 g5 34. Qf3 Qa4 35. Qb3 Qc6 36. Qd3 Qa4 37. a3 a5 38. Re4 Qc6 39. Rg4 b5 40. a4 1-0

[Event "January 2 Late 2024"]
[Site "https://www.chess.com"]
[Date "2024.01.02"]
[Round "7"]
[White "Sarkar, Justin"]
[Black "hoshiboshi"]
[Result "1-0"]
[Board "167"]
[TimeControl "180+1"]
[WhiteFideId "2010011"]
[WhiteElo "2255"]
[BlackElo "2150"]
[WhiteTeam "USA"]
[WhiteClock "0:00:10"]
[BlackClock "0:00:00"]

1. e4 c5 2. Nf3 d6 3. d4 cxd4 4. Nxd4 Nf6 5. Nc3 a6 6. Be3 Ng4 7. Bg5 h6 8. Bh4 g5 9. Bg3 Bg7 10. Be2 Ne5 11. h4 Nbc6 12. Nf5 Bxf5 13. exf5 e6 14. fxe6 fxe6 15. hxg5 hxg5 16. Rxh8+ Bxh8 17. Bh5+ Kd7 18. Ne4 Kc7 19. c3 Bg7 20. Qd2 g4 21. O-O-O d5 22. Nc5 Qe7 23. Nd3 Rh8 24. Bxg4 Kc8 25. Nxe5 Nxe5 26. Be2 Qf6 27. Kb1 Bh6 28. Qd4 Qf5+ 29. Ka1 1-0

[Event "January 2 Late 2024"]
[Site "https://www.chess.com"]
[Date "2024.01.02"]
[Round "7"]
[White "Carrillo Marval, Maria Angelica"]
[Black "Nithyalakshmi, Sivanesan"]
[Result "0-1"]
[Board "168"]
[TimeControl "180+1"]
[WhiteFideId "3911853"]
[BlackFideId "5706955"]
[WhiteElo "2104"]
[BlackElo "2255"]
[WhiteTeam "PAN"]
[BlackTeam "MAS"]
[WhiteClock "0:00:12"]
[BlackClock "0:00:37"]

1. e4 e6 2. d4 d5 3. e5 Bd7 4. c3 a6 5. Nf3 Bb5 6. a4 Bxf1 7. Kxf1 c5 8. Be3 cxd4 9. cxd4 Nc6 10. Nc3 h6 11. g3 Nge7 12. Kg2 Nf5 13. Re1 Bb4 14. Qb3 Qd7 15. Rac1 O-O 16. g4 Nfe7 17. h3 Rfc8 18. a5 Bxa5 19. Rg1 Bd8 20. Na4 Na5 21. Qa2 b6 22. Bd2 Nc4 23. Bc3 Ng6 24. b3 Nf4+ 25. Kf1 Na5 26. Bxa5 Qb5+ 27. Ke1 Rxc1+ 28. Kd2 0-1

[Event "January 2 Late 2024"]
[Site "https://www.chess.com"]
[Date "2024.01.02"]
[Round "7"]
[White "Curtis, John"]
[Black "Pepino, Enrico"]
[Result "1-0"]
[Board "169"]
[TimeControl "180+1"]
[WhiteFideId "3200256"]
[BlackFideId "810908"]
[WhiteElo "2222"]
[BlackElo "2059"]
[WhiteTeam "AUS"]
[BlackTeam "ITA"]
[WhiteClock "0:00:10"]
[BlackClock "0:00:00"]

1. d4 Nf6 2. c4 e6 3. Nf3 d5 4. Nc3 Nbd7 5. e3 c6 6. Qc2 Bd6 7. e4 dxe4 8. Nxe4 Bb4+ 9. Bd2 Bxd2+ 10. Nexd2 O-O 11. O-O-O Qa5 12. Kb1 c5 13. Nb3 Qb6 14. Bd3 cxd4 15. Nfxd4 Nc5 16. Nxc5 Qxc5 17. Nb3 Qc7 18. g3 Bd7 19. Rhe1 Bc6 20. Nd4 Rad8 21. Nxc6 Qxc6 22. f4 b6 23. a3 a5 24. Bf1 Qc5 25. Bd3 Rd4 26. Bf1 Rfd8 27. Rxd4 Qxd4 28. Rc1 Ne4 29. Bg2 Nc5 30. Bf3 a4 31. Rd1 Qf6 32. Rxd8+ Qxd8 33. Bc6 h5 34. Bxa4 Qd4 35. Bc6 h4 36. b4 Na6 37. Ka2 hxg3 38. hxg3 Qe3 39. f5 Qxg3 40. fxe6 fxe6 41. Qe4 Qf2+ 42. Kb3 Qf5 43. Ka4 Nc7 44. Qg2 Kf7 45. c5 bxc5 46. b5 Qf4+ 47. Ka5 Qd4 48. Qf3+ Kg8 49. b6 1-0

[Event "January 2 Late 2024"]
[Site "https://www.chess.com"]
[Date "2024.01.02"]
[Round "7"]
[White "Reinecke, Katharina"]
[Black "MiguelEduardoGB"]
[Result "0-1"]
[Board "170"]
[TimeControl "180+1"]
[WhiteFideId "12929727"]
[WhiteElo "2024"]
[BlackElo "2198"]
[WhiteTeam "GER"]
[WhiteClock "0:00:00"]
[BlackClock "0:00:15"]

1. d4 d5 2. c4 Nc6 3. Nf3 Bg4 4. e3 e6 5. Nc3 Nf6 6. h3 Bh5 7. Be2 Be7 8. O-O O-O 9. cxd5 exd5 10. a3 Bd6 11. b4 Ne7 12. Nb5 Ne4 13. Nxd6 Qxd6 14. Qc2 c6 15. Bb2 f5 16. Ne5 Be8 17. Bd3 Ng6 18. f4 Nxe5 19. dxe5 Qg6 20. Bxe4 fxe4 21. Bd4 Bd7 22. Kh2 Rf5 23. g4 Rff8 24. f5 Qh6 25. e6 Be8 26. Bc5 Rf6 27. Be7 Qxe3 28. Bxf6 gxf6 29. Qb2 d4 30. Rae1 Qd3 31. Rd1 Qc3 32. Qxc3 dxc3 33. Rc1 a5 34. Rxc3 axb4 35. axb4 Ra2+ 36. Kg3 Rb2 37. Rc4 e3 38. Re1 e2 39. Kf2 Rb3 40. h4 Kf8 41. Rxe2 b5 42. Rd4 Rc3 43. e7+ Kf7 44. Re6 c5 45. Rdd6 cxb4 46. Rxf6+ Kxe7 47. Rde6+ Kd7 48. Rd6+ Kc7 49. Rb6 Bc6 50. Ra6 b3 51. Ra1 b2 52. Rb1 Rb3 53. Rf7+ Kb6 54. Rxh7 Be4 55. Rh6+ Ka5 56. f6 Rf3+ 57. Ke2 Rf4 0-1

[Event "January 2 Late 2024"]
[Site "https://www.chess.com"]
[Date "2024.01.02"]
[Round "7"]
[White "Burke, Paul"]
[Black "Marino Bravo, Miguel Angel"]
[Result "1-0"]
[Board "171"]
[TimeControl "180+1"]
[WhiteFideId "2605767"]
[BlackFideId "2208970"]
[WhiteElo "1934"]
[BlackElo "2175"]
[WhiteTeam "CAN"]
[BlackTeam "ESP"]
[WhiteClock "0:00:09"]
[BlackClock "0:00:03"]

1. e4 c5 2. d4 cxd4 3. c3 d3 4. Bxd3 Nc6 5. Nf3 g6 6. Bc4 Bg7 7. Bg5 Nf6 8. e5 Ng4 9. Bf4 Ngxe5 10. Nxe5 Bxe5 11. Bh6 d6 12. O-O Bf6 13. Nd2 Ne5 14. Be2 Qb6 15. Ne4 Qxb2 16. Nxf6+ exf6 17. Bg7 Rg8 18. Bxf6 Qb6 19. Rb1 Qc7 20. f4 Nd7 21. Bh4 Qxc3 22. Kh1 Qc7 23. f5 g5 24. Bg3 Ne5 25. Bb5+ Bd7 26. Rc1 Qd8 27. Qxd6 Bxb5 28. Qxe5+ Kf8 29. Qxb5 Kg7 30. f6+ Kh8 31. Qxb7 Qe8 32. Qf3 Qe6 33. Rce1 Qxa2 34. Rf2 Rg6 35. Qxa8+ Rg8 36. Qxg8+ Kxg8 37. Re8# 1-0

[Event "January 2 Late 2024"]
[Site "https://www.chess.com"]
[Date "2024.01.02"]
[Round "7"]
[White "Sreyas Payyappat"]
[Black "Dias, Joao Batista"]
[Result "0-1"]
[Board "172"]
[TimeControl "180+1"]
[WhiteFideId "46674969"]
[BlackFideId "2108240"]
[WhiteElo "2446"]
[BlackElo "2001"]
[WhiteTeam "IND"]
[BlackTeam "BRA"]
[WhiteClock "0:00:04"]
[BlackClock "0:00:40"]

1. e4 e5 2. Nf3 Nc6 3. Bc4 Be7 4. d4 exd4 5. Nxd4 d6 6. Nc3 Nf6 7. O-O O-O 8. Be3 a6 9. f4 Bd7 10. e5 Ng4 11. Nxc6 bxc6 12. Bd4 c5 13. e6 cxd4 14. Qxg4 dxc3 15. exd7 cxb2 16. Rab1 Bf6 17. Rfe1 c6 18. Bd3 Qb6+ 19. Kh1 g6 20. f5 Bg7 21. fxg6 hxg6 22. Bxg6 fxg6 23. Qxg6 Qf2 24. Re8 Qf7 25. Qxf7+ Kxf7 26. Rf1+ Kg6 27. Rfe1 Rd8 28. R8e6+ Kh7 29. Rxd6 Rf2 30. Rxc6 Rxd7 31. h4 Rdd2 32. Rb6 Rxc2 33. Kh2 Rxg2+ 34. Kh3 Rge2 35. Rf1 Re3+ 36. Kg4 Rc4+ 37. Kg5 Re5+ 38. Rf5 Rxf5+ 39. Kxf5 Rc1 0-1

[Event "January 2 Late 2024"]
[Site "https://www.chess.com"]
[Date "2024.01.02"]
[Round "7"]
[White "Balla, Tamas-Kristof"]
[Black "Jose Iraeta, Alejandro"]
[Result "1-0"]
[Board "173"]
[TimeControl "180+1"]
[WhiteFideId "1208497"]
[BlackFideId "2226537"]
[WhiteElo "2445"]
[BlackElo "2206"]
[WhiteTeam "ROU"]
[BlackTeam "ESP"]
[WhiteClock "0:01:09"]
[BlackClock "0:00:55"]

1. e4 e5 2. Nf3 d5 3. exd5 e4 4. Qe2 Nf6 5. d3 Qxd5 6. Nc3 Bb4 7. Bd2 Bxc3 8. Bxc3 O-O 9. Ne5 exd3 10. Qxd3 Re8 11. O-O-O Qxd3 12. Bxd3 Nbd7 13. Nf3 Ng4 14. Bd4 c5 15. Be3 Nxe3 16. fxe3 Rxe3 17. Bf5 Re7 18. Rhe1 Rxe1 19. Nxe1 Nf8 20. Rd8 Bxf5 21. Rxa8 a6 22. Nf3 Be4 23. Ne5 Bf5 24. Rb8 f6 25. Nc4 Be4 26. Nd6 Bxg2 27. Nxb7 g6 28. Nxc5 a5 29. Ne6 1-0

[Event "January 2 Late 2024"]
[Site "https://www.chess.com"]
[Date "2024.01.02"]
[Round "7"]
[White "Piscicelli, Daniel Orlando"]
[Black "Negron Lizarazo, Juan Sebastian"]
[Result "0-1"]
[Board "174"]
[TimeControl "180+1"]
[WhiteFideId "101958"]
[BlackFideId "3936910"]
[WhiteElo "2408"]
[BlackElo "2170"]
[WhiteTeam "ARG"]
[BlackTeam "COL"]
[WhiteClock "0:00:00"]
[BlackClock "0:00:26"]

1. e4 c5 2. Nc3 d6 3. f4 g6 4. Nf3 Bg7 5. Bc4 a6 6. d3 b5 7. Bb3 Bb7 8. O-O e6 9. Qe1 Ne7 10. Qh4 d5 11. exd5 exd5 12. a3 c4 13. dxc4 dxc4 14. Ba2 O-O 15. Ng5 h6 16. Nf3 Qb6+ 17. Kh1 Nf5 18. Qf2 Qc7 19. Be3 Nxe3 20. Qxe3 Nc6 21. Nd5 Qd6 22. Rad1 Qb8 23. Nb6 Bxb2 24. Nxa8 Qxa8 25. Rfe1 Bxa3 26. Qxa3 b4 27. Qb2 c3 28. Qb3 a5 29. Qc4 Nd8 30. Rd3 Ne6 31. Qb5 Ba6 32. Bc4 Bxb5 33. Bxb5 Nxf4 34. Rde3 Qb7 35. Bc4 Qc6 36. Nd4 Qxc4 37. Re4 Qc7 38. Ne6 fxe6 0-1

[Event "January 2 Late 2024"]
[Site "https://www.chess.com"]
[Date "2024.01.02"]
[Round "7"]
[White "Novikova, Margarita"]
[Black "Sanchez Alvares, Kelvin Antonio"]
[Result "1-0"]
[Board "175"]
[TimeControl "180+1"]
[WhiteFideId "14109689"]
[BlackFideId "3906680"]
[WhiteElo "2143"]
[BlackElo "2400"]
[WhiteTeam "GER"]
[BlackTeam "VEN"]
[WhiteClock "0:00:56"]
[BlackClock "0:00:03"]

1. e4 c5 2. Nc3 Nc6 3. d3 d6 4. g3 g6 5. Be3 Bg7 6. Qd2 e5 7. h4 Nge7 8. h5 Be6 9. Bh6 Bf6 10. Bh3 Nd4 11. O-O-O b5 12. g4 Rg8 13. f4 g5 14. fxg5 Bh8 15. g6 hxg6 16. Bg5 Qd7 17. h6 f6 18. Be3 g5 19. Nge2 Ng6 20. Ng3 Nf4 21. Bxf4 gxf4 22. Nf5 Bxf5 23. gxf5 O-O-O 24. Nd5 Rg3 25. Qa5 Qb7 26. Nc3 Rdg8 27. Kb1 a6 28. a4 Nc6 29. h7 R8g7 30. Nxb5 Nxa5 31. Nxd6+ Kc7 32. Nxb7 Nxb7 33. c3 Nd6 34. d4 cxd4 35. cxd4 Nxe4 36. dxe5 fxe5 37. f6 Rf7 38. Be6 Rf8 39. Rd7+ Kc6 40. Rc1+ Kb6 41. b4 Nxf6 42. a5+ Kb5 43. Rb7+ Ka4 44. Kb2 Ne4 45. Ra1+ Ra3 46. Rxa3# 1-0

[Event "January 2 Late 2024"]
[Site "https://www.chess.com"]
[Date "2024.01.02"]
[Round "7"]
[White "yujiarun18"]
[Black "Novak, Ratko"]
[Result "0-1"]
[Board "176"]
[TimeControl "180+1"]
[BlackFideId "14511827"]
[WhiteElo "2153"]
[BlackElo "2362"]
[BlackTeam "CRO"]
[WhiteClock "0:00:12"]
[BlackClock "0:00:13"]

1. e4 d5 2. exd5 c6 3. dxc6 Nxc6 4. Nc3 e5 5. Bc4 Bc5 6. Nge2 Nf6 7. O-O O-O 8. d3 Bg4 9. h3 Bh5 10. Bg5 Be7 11. Be3 Kh8 12. Qd2 a6 13. a4 Bb4 14. f4 Bxe2 15. Qxe2 Nd4 16. Qd2 exf4 17. Bxf4 Nd5 18. Bxd5 Bxc3 19. bxc3 Qxd5 20. cxd4 Qxd4+ 21. Be3 Qh4 22. Kh2 Rac8 23. c3 f5 24. Bg5 Qh5 25. Rab1 h6 26. Be3 Rf7 27. Rb6 Qh4 28. Bxh6 Qxa4 29. Be3 Qa3 30. Bd4 Kg8 31. Rfb1 Rcc7 32. Be5 Rce7 33. d4 Qa4 34. Bd6 Rd7 35. Qf4 Qc2 36. R6b3 a5 37. R1b2 Qd3 38. Ra3 Qa6 39. Be5 b5 40. Qd2 Rfe7 41. Qd3 Rxe5 42. Qg3 Red5 43. Qb8+ Rd8 44. Qf4 a4 45. Rb4 Qd6 46. Kg3 Qxf4+ 47. Kxf4 Kf7 48. Ra2 Kf6 49. Ke3 g5 50. g3 Re8+ 51. Kf3 Rc8 52. Ra3 Rcd8 53. c4 bxc4 54. Rxc4 Rxd4 55. Raxa4 Rd3+ 56. Kg2 Rd2+ 57. Kf1 Rd1+ 58. Ke2 R8d2+ 59. Ke3 Rd3+ 60. Ke2 R1d2+ 61. Ke1 Rg2 62. Rc6+ Ke5 63. Rc5+ Rd5 64. Rc3 Rh2 65. g4 Rb5 66. Ra1 f4 67. Rd3 Rd5 68. Rxd5+ Kxd5 69. Ra5+ Ke4 70. Rxg5 Kf3 71. Kd1 Rxh3 72. Rg6 Ke3 73. Rg8 Rh1+ 74. Kc2 f3 75. g5 f2 76. Re8+ Kf4 77. Rf8+ Ke3 78. Re8+ Kd4 79. Rd8+ Ke5 80. Re8+ Kd6 81. Rf8 f1=Q 82. Rxf1 Rxf1 83. g6 Rg1 84. Kd3 Rxg6 85. Ke4 Ke6 86. Kf3 Rg5 87. Ke3 Rb5 88. Kd2 Kd5 89. Ke3 Rb4 90. Kd3 Rb3+ 91. Kc2 Rh3 92. Kd2 Ke4 93. Ke2 Rh2+ 94. Kf1 Ra2 95. Kg1 Kf3 96. Kh1 Kg3 0-1

[Event "January 2 Late 2024"]
[Site "https://www.chess.com"]
[Date "2024.01.02"]
[Round "7"]
[White "Akhayan"]
[Black "Ferriz Barrios, Andres"]
[Result "0-1"]
[Board "177"]
[TimeControl "180+1"]
[BlackFideId "5104467"]
[WhiteElo "2358"]
[BlackElo "2142"]
[BlackTeam "MEX"]
[WhiteClock "0:00:21"]
[BlackClock "0:00:39"]

1. e4 e6 2. d4 d5 3. Nc3 dxe4 4. Nxe4 Nd7 5. Bd3 Ngf6 6. Qe2 b6 7. Nf3 Bb7 8. O-O Be7 9. c4 O-O 10. b3 Re8 11. Bb2 Nxe4 12. Bxe4 Bxe4 13. Qxe4 Bf6 14. Rad1 Qc8 15. Rfe1 c5 16. h4 cxd4 17. Bxd4 Nc5 18. Qg4 Bxd4 19. Nxd4 e5 20. Nf5 g6 21. Ne3 f5 22. Qg5 Kg7 23. Nd5 Qd8 24. Qg3 f4 25. Qg4 Qc8 26. Qg5 Qd8 27. Rxe5 Qxg5 28. Rxg5 Rad8 29. Rg4 Rf8 30. Kh2 Rf5 31. Re1 h5 32. Rxf4 Rdxd5 33. cxd5 Rxf4 34. d6 Rxh4+ 35. Kg3 Rd4 36. Re7+ Kf6 37. Rxa7 Rxd6 38. Ra8 Kg5 39. f4+ Kf5 40. Rf8+ Rf6 41. Rb8 Ne4+ 42. Kf3 Nc5 43. b4 Ne6 44. g3 Nd4+ 45. Ke3 Nc2+ 46. Kf3 Nxb4 47. a4 Nd3 48. Re8 g5 49. fxg5 Kxg5+ 50. Ke4 Nc5+ 51. Ke5 Nxa4 52. Rg8+ Rg6 0-1

[Event "January 2 Late 2024"]
[Site "https://www.chess.com"]
[Date "2024.01.02"]
[Round "7"]
[White "Pein, Jonathan"]
[Black "Petersson, Kjell"]
[Result "1-0"]
[Board "178"]
[TimeControl "180+1"]
[WhiteFideId "417092"]
[BlackFideId "1705148"]
[WhiteElo "2340"]
[BlackElo "2111"]
[WhiteTeam "ENG"]
[BlackTeam "SWE"]
[WhiteClock "0:00:05"]
[BlackClock "0:00:04"]

1. Nf3 f5 2. d3 Nc6 3. e4 e5 4. d4 exd4 5. exf5 Nf6 6. Nxd4 d5 7. Nxc6 bxc6 8. Bd3 Bd6 9. Qe2+ Kf7 10. O-O Re8 11. Qf3 c5 12. Nc3 c6 13. Bg5 c4 14. Rae1 Bb7 15. Be2 h6 16. Bh4 Be5 17. Bd1 Qd6 18. h3 c5 19. Bxf6 Bxf6 20. Qh5+ Kf8 21. Bf3 Bc6 22. Qg6 Kg8 23. Nxd5 Rf8 24. Nxf6+ Rxf6 25. Qg4 Bxf3 26. Qxf3 Raf8 27. Qe4 Rxf5 28. Qxc4+ Kh8 29. Qe6 Qxe6 30. Rxe6 Rb8 31. b3 Rd5 32. Rfe1 Rd7 33. Re7 Rbb7 34. Rxd7 Rxd7 35. Re5 Rc7 36. f3 Kg8 37. Kf2 Kf7 38. Ke3 Kf6 39. Ke4 c4 40. b4 c3 41. Rc5 Rb7 42. a3 Ke6 43. Rxc3 Kf6 44. h4 g5 45. Rc6+ Kg7 46. hxg5 hxg5 47. Kf5 Rd7 48. Kxg5 Rd2 49. Rc7+ Kf8 50. g4 Rd5+ 51. Kf4 Rd4+ 52. Ke5 Rd8 53. Rxa7 Rc8 54. f4 Rxc2 55. g5 Re2+ 56. Kf6 Rf2 57. Ra8# 1-0

[Event "January 2 Late 2024"]
[Site "https://www.chess.com"]
[Date "2024.01.02"]
[Round "7"]
[White "De Souza, Arthur Olintho"]
[Black "Kujawski, Adam"]
[Result "0-1"]
[Board "179"]
[TimeControl "180+1"]
[WhiteFideId "2116200"]
[BlackFideId "1100920"]
[WhiteElo "2077"]
[BlackElo "2306"]
[WhiteTeam "BRA"]
[BlackTeam "POL"]
[WhiteClock "0:02:19"]
[BlackClock "0:01:18"]

1. e4 e6 2. Nc3 d5 3. Nf3 d4 4. Ne2 Nf6 5. Nexd4 Nxe4 6. Bd3 Nf6 7. O-O Be7 8. b3 O-O 9. Bb2 a6 10. Qe2 c5 11. Ne5 cxd4 12. Ng4 Nc6 13. Nxf6+ Bxf6 14. Qe4 g6 15. h4 Qd5 0-1

[Event "January 2 Late 2024"]
[Site "https://www.chess.com"]
[Date "2024.01.02"]
[Round "7"]
[White "Silvestre, Christian"]
[Black "Oliveira, Tiago Batista"]
[Result "1-0"]
[Board "180"]
[TimeControl "180+1"]
[WhiteFideId "30956269"]
[BlackFideId "2108291"]
[WhiteElo "2303"]
[BlackElo "2029"]
[WhiteTeam "USA"]
[BlackTeam "BRA"]
[WhiteClock "0:01:29"]
[BlackClock "0:00:00"]

1. e4 e5 2. d4 exd4 3. Nf3 Nc6 4. Nxd4 Nf6 5. Bb5 Be7 6. O-O O-O 7. Re1 Nxd4 8. Qxd4 d5 9. e5 Ne4 10. Be3 Bc5 11. Qd3 c6 12. Ba4 Qb6 13. Bb3 Bf5 14. Bxc5 Qxc5 15. Qe3 Rae8 16. f3 Qxe3+ 17. Rxe3 Nc5 18. Nd2 Nxb3 19. axb3 a6 20. c3 f6 21. Rae1 fxe5 22. Rxe5 Rxe5 23. Rxe5 Bc2 24. b4 Kf7 25. Kf2 Re8 26. Rxe8 Kxe8 27. Ke3 Kd7 28. Kd4 Kd6 29. c4 b6 30. c5+ bxc5+ 31. bxc5+ Ke6 32. Nf1 1-0

[Event "January 2 Late 2024"]
[Site "https://www.chess.com"]
[Date "2024.01.02"]
[Round "7"]
[White "Mesa Cruz, Juan Carlos"]
[Black "Smirnov, Timofey"]
[Result "0-1"]
[Board "181"]
[TimeControl "180+1"]
[WhiteFideId "6423400"]
[BlackFideId "24176427"]
[WhiteElo "2276"]
[BlackElo "1989"]
[WhiteTeam "DOM"]
[BlackTeam "RUS"]
[WhiteClock "0:01:13"]
[BlackClock "0:01:15"]

1. e4 e5 2. Nf3 Nf6 3. Nxe5 d6 4. Nf3 Nxe4 5. d4 d5 6. h3 Bd6 7. Bd3 O-O 8. O-O Bf5 9. Nbd2 Nd7 10. Re1 Ndf6 11. Nf1 Re8 12. Ne3 Bg6 13. c4 c6 14. cxd5 cxd5 15. Nh4 Nxf2 16. Kxf2 Ne4+ 17. Kg1 Qxh4 18. Bxe4 Bxe4 19. Bd2 Qg3 20. Nf1 Qxg2# 0-1

[Event "January 2 Late 2024"]
[Site "https://www.chess.com"]
[Date "2024.01.02"]
[Round "7"]
[White "Alves Campelo, Danilo Cesar De L"]
[Black "Minina, Veronika"]
[Result "1-0"]
[Board "182"]
[TimeControl "180+1"]
[WhiteFideId "2123657"]
[BlackFideId "4174780"]
[WhiteElo "1940"]
[BlackElo "2262"]
[WhiteTeam "BRA"]
[BlackTeam "RUS"]
[WhiteClock "0:00:14"]
[BlackClock "0:00:00"]

1. e4 c5 2. Nf3 Nc6 3. d4 cxd4 4. Nxd4 g6 5. Be3 Nf6 6. Bd3 Bg7 7. c4 d6 8. Nc3 Ng4 9. Nxc6 Nxe3 10. Nxd8 Nxd1 11. Rxd1 Kxd8 12. O-O Bg4 13. Rd2 a6 14. Nd5 Rc8 15. f4 Rc6 16. b3 Bc8 17. Be2 e6 18. Ne3 Ke7 19. Rfd1 f5 20. exf5 gxf5 21. g4 fxg4 22. Bxg4 Bc3 23. Rd3 Ba5 24. f5 Bb6 25. Kf1 Rf8 26. Ke2 exf5 27. Nd5+ Kd7 28. Rf3 Kd8 29. Bh3 Bc5 30. Rdf1 Re8+ 31. Kd3 b5 32. Bxf5 bxc4+ 33. bxc4 Bxf5+ 34. Rxf5 Ba3 35. Rf8 Rxf8 36. Rxf8+ Kd7 37. Rf7+ Ke6 38. Re7+ Kf5 39. Rxh7 Bc5 40. Ne7+ Ke6 41. Nxc6 1-0

[Event "January 2 Late 2024"]
[Site "https://www.chess.com"]
[Date "2024.01.02"]
[Round "7"]
[White "Gulamirian, Korun"]
[Black "HouseOfDurin"]
[Result "0-1"]
[Board "183"]
[TimeControl "180+1"]
[WhiteFideId "4144899"]
[WhiteElo "1601"]
[BlackElo "2232"]
[WhiteTeam "RUS"]
[WhiteClock "0:00:31"]
[BlackClock "0:00:25"]

1. e4 c5 2. Nf3 Nc6 3. d4 cxd4 4. Nxd4 g6 5. Be3 Bg7 6. Nc3 d6 7. f3 Nf6 8. Qd2 h5 9. O-O-O Qa5 10. Kb1 Nxd4 11. Bxd4 Bd7 12. Bc4 b6 13. Bb3 O-O 14. Nd5 Nxd5 15. Bxg7 Qxd2 16. Rxd2 Kxg7 17. Bxd5 Rac8 18. h3 Bc6 19. Bb3 Rc7 20. g4 h4 21. g5 Bd7 22. f4 Be6 23. Rg1 Bxh3 24. Rh1 Be6 25. Rxh4 Rh8 26. Rdh2 Rxh4 27. Rxh4 Bxb3 28. axb3 f6 29. gxf6+ exf6 30. f5 g5 31. Rg4 b5 32. Kc1 Rc5 33. Kd2 Kh6 34. Kd3 d5 35. c3 dxe4+ 36. Kxe4 Re5+ 37. Kd3 Rxf5 38. c4 a6 39. b4 bxc4+ 40. Rxc4 Kh5 41. Rc6 g4 42. Rxa6 g3 43. Ke4 Rf1 44. Ra8 g2 45. Rh8+ Kg4 46. Rg8+ Kh3 47. Rh8+ Kg3 48. Rg8+ Kf2 49. Rg6 g1=Q 50. Rxf6+ Ke2 51. Rxf1 Qxf1 52. Kd5 Kd3 53. b5 Qf5+ 54. Kc6 Kc4 55. b6 Qe6+ 56. Kc7 Qe7+ 57. Kc8 Kb5 58. b7 Kc6 59. b8=Q Qd7# 0-1